 Dungeon Crawl Stone Soup version 0.29-a0-998-g1987434951 (webtiles) character file.

Game seed: 14958037276883870199

72 vurker the Trooper (level 4, -2/38 HPs)
             Began as a Minotaur Enchanter on Aug 5, 2022.
             Slain by an ice beast (13 damage)
             ... on level 3 of the Dungeon.
             The game lasted 00:01:25 (2037 turns).

vurker the Trooper (Minotaur Enchanter)             Turns: 2037, Time: 00:01:26

Health: -2/38      AC:  2    Str: 15    XL:     4   Next: 6%
Magic:  5/5        EV: 12    Int: 12    God:
Gold:   120        SH:  0    Dex: 10    Spells: 5/5 levels left

rFire   . . .      SeeInvis .   l - +2 whip (vamp)
rCold   . . .      Faith    .   (no shield)
rNeg    . . .      Spirit   .   b - +0 robe
rPois   .          Reflect  .   (helmet restricted)
rElec   .          Harm     .   (no cloak)
rCorr   .          Rampage  .   (no gloves)
Will    .....                   (no boots)
Stlth   ++........              (no amulet)
HPRegen 0.12/turn               (no ring)
MPRegen 0.09/turn               (no ring)

@: no status effects
A: horns 2, retaliatory headbutt
a: no special abilities


You were on level 3 of the Dungeon.
You visited 1 branch of the dungeon, and saw 3 of its levels.

You collected 120 gold pieces.

Inventory:

Hand Weapons
 a - a +1 dagger
 l - a +2 vampiric whip (weapon)
   (You took it off a kobold on level 2 of the Dungeon)
Armour
 b - a +0 robe (worn)
Scrolls
 f - a scroll of brand weapon {unknown}
 g - a scroll of noise {unknown}
 i - a scroll of enchant weapon {unknown}
 j - 3 scrolls of teleportation {unknown}
 k - 2 scrolls of vulnerability {unknown}
 m - 3 scrolls of identify {unknown}
Potions
 c - 2 potions of invisibility
 d - 2 potions of degeneration {unknown}
 e - 4 potions of heal wounds {unknown}
 h - a potion of might {unknown}


   Skills:
 * Level 3.2 Fighting
 - Level 1.1 Short Blades
 + Level 2.0 Armour
 + Level 2.9 Dodging
 - Level 2.4 Stealth
 - Level 1.3 Spellcasting
 - Level 2.0 Hexes


You had 5 spell levels left.
You didn't know any spells.
Your spell library contained the following spells:

 Spells                   Type           Power      Damage    Failure   Level
 Ensorcelled Hibernation  Hex/Ice        6%         N/A       28%         2
 Confusing Touch          Hex            5%         N/A       36%         3
 Tukima's Dance           Hex            5%         N/A       36%         3
 Dazzling Flash           Conj/Hex       6%         N/A       50%         3
 Passage of Golubria      Tloc           0%         N/A       96%         4
 Yara's Violent Unravell  Hex/Tmut       1%         3d3       99%         5


Dungeon Overview and Level Annotations

Branches:
Dungeon (3/15)

Altars:
Xom


Innate Abilities, Weirdness & Mutations

You have a pair of horns on your head.
You reflexively headbutt those who attack you in melee.


Message History

No target in view!
No target in view!
No target in view!
Done exploring.
Done exploring.
Done exploring.
Done exploring.
There is an escape hatch in the floor here.
You slide downwards.
The hatch slams shut behind you.
Found 9 gold pieces.
You now have 120 gold pieces (gained 9).
Found a scroll labelled QUL DYLIRGH.
Found a thick smoking staff.
m - 3 scrolls labelled QUL DYLIRGH (gained 1)
A bat comes into view.
A bat is nearby!
You see here a staff of poison.
The helpless bat fails to defend itself.
You hit the bat but do no damage. You headbutt the bat.
You kill the bat!
No target in view!
No target in view!
No target in view!
No target in view!
No target in view!
No target in view!
No target in view!
No target in view!
No target in view!
No target in view!
No target in view!
No target in view!
An ice beast comes into view.
Found a glaive, 16 gold pieces and a mace.
Found a stone staircase leading down.
An ice beast is nearby!
An ice beast is nearby!
An ice beast is nearby!
The helpless ice beast fails to defend itself.
You hit the ice beast. The ice beast hits you. The ice beast freezes you!
You hit the ice beast. The ice beast barely misses you.
You furiously retaliate!
You headbutt the ice beast. You hit the ice beast.
Your headbutt misses the ice beast. The ice beast hits you.
The ice beast freezes you!
* * * LOW HITPOINT WARNING * * *
You closely miss the ice beast. You headbutt the ice beast.
The ice beast hits you.
* * * LOW HITPOINT WARNING * * *
The ice beast freezes you!
You die...

.......###.######.##
....##........# #..#
.##.##........# ##.#
....##........# #.#
.##.##........# #.#
..............####.#
.....##.......##...#
##...##.......##.###
#.#############@# #.
#Y# #. #$# #. #.# #.
#)# >.# ###


You could see an ice beast.

Vanquished Creatures
  3 adders (D:2)
  A worm (D:2)
  4 bats
  An endoplasm (D:2)
  4 giant cockroaches
  4 goblins
  5 hobgoblins
  4 jackals (D:1)
  A kobold (D:2)
  3 ball pythons
  6 frilled lizards
  5 rats (D:1)
41 creatures vanquished.

Vanquished Creatures (others)
  5 toadstools (D:1)
5 creatures vanquished.

Grand Total: 46 creatures vanquished

Notes
Turn   | Place    | Note
-------+----------+-------------------------------------------
     0 | D:1      | vurker the Minotaur Enchanter began the quest for the Orb.
     0 | D:1      | Reached XP level 1. HP: 14/14 MP: 1/1
   114 | D:1      | Reached skill level 1 in Fighting
   270 | D:1      | Reached XP level 2. HP: 23/23 MP: 3/3
   289 | D:1      | Reached skill level 1 in Armour
   478 | D:1      | Reached skill level 2 in Fighting
   742 | D:2      | Found a shimmering altar of Xom.
   755 | D:2      | Reached XP level 3. HP: 13/30 MP: 4/4
  1460 | D:2      | Reached skill level 3 in Fighting
  1761 | D:2      | Reached XP level 4. HP: 30/38 MP: 5/5
  2031 | D:3      | Noticed an ice beast
  2037 | D:3      | Slain by an ice beast

Illustrated notes

Levels and vault maps discovered:
D:1:      ldierk_walled_garden, layout_rooms, serial_aquarium,
          aquarium_bridge_square [aquarium_subvault_bridge,
          aquarium_subvault_bridge, aquarium_subvault_bridge,
          aquarium_subvault_wall], aquarium_window_2, aquarium_window_corner,
          aquarium_window_1, aquarium_view_2c, aquarium_pool_1,
          patterned_corridor
D:2:      layout_loops_cross, basic_altar
D:3:      layout_loops_cross

Skill      XL: |  1  2  3 |
---------------+----------+-----
Fighting       | 1 2 3 |  3.2
Armour         | 1 2 |  2.0
Short Blades   | |  1.1
Dodging        | |  2.9
Stealth        | |  2.4
Spellcasting   | |  1.3
Hexes          | |  2.0

Action                   |  1- 3 |  4- 6 || total
-------------------------+-------+-------++-------
Melee: Dagger            |    70 |       ||    70
       Headbutt          |    11 |     2 ||    13
       Punch             |     1 |       ||     1
       Whip              |    18 |    12 ||    30
 Stab: Sleeping          |     8 |     3 ||    11
Armor: Robe              |    13 |     1 ||    14
Dodge: Dodged            |    52 |     4 ||    56

Table legend: (Time is in decaauts)
 A = Elapsed time spent in this place.
 B = Non-inter-level travel time spent in this place.
 C = Inter-level travel time spent in this place.
 D = Time resting spent in this place.
 E = Time spent auto-exploring this place.
 F = Levels seen in this place.
 G = Mean time per level.
                   A        B        C        D        E       F      G
               +--------+--------+--------+--------+--------+-----+--------+
         Total |   2036 |   1978 |     58 |      0 |   1674 |   3 |  678.7 |
       Dungeon |   2036 |   1978 |     58 |      0 |   1674 |   3 |  678.7 |
               +--------+--------+--------+--------+--------+-----+--------+

Top non-repeatable levels by time:
     D:2: 1252 daAuts
     D:1: 740 daAuts
     D:3: 44 daAuts
